 Dungeon Crawl Stone Soup version 0.31-a0-354-g827e095 (webtiles) character file.

Game seed: 4401465613715681575

7654 Dawnplanks the Grappler (level 10, -16/92 HPs)
             Began as a Troll Shapeshifter on July 23, 2023.
             Was an Initiate of Ru.
             Demolished by a seven-headed hydra simulacrum (37 damage)
             ... in a Gauntlet.
             The game lasted 00:17:58 (7513 turns).

Dawnplanks the Grappler (Troll Shapeshifter)        Turns: 7513, Time: 00:17:58

Health: -16/92     AC:  6    Str: 29    XL:     10   Next: 99%
Magic:  18/18      EV: 11    Int:  2    God:    Ru [......]
Gold:   681        SH:  0    Dex: 10    Spells: 9/9 levels left

rFire   . .          .
                       - Unarmed
rCold   . . .        (no shield)
rNeg    . . .        C - +0 troll leather armour
rPois   .            (helmet currently unavailable)
rElec   .            (cloak currently unavailable)
rCorr   .            (gloves unavailable)
SInv    .            (boots unavailable)
Will    +....        (no amulet)
Stlth   +            i - ring of magical power
HPRegen 1.95/turn    E - ring of willpower
MPRegen 0.16/turn

%: no teleportation
@: beast-form, invisible
A: beast (slay +4), large, unfitting armour, claws 3, dopey 1, regeneration 1,
shaggy fur 1, tough skin 1
a: Begin Untransformation, Renounce Religion


You were in a Gauntlet.
You worshipped Ru.
Ru was noncommittal.
You were a hulking beast.
You visited 2 branches of the dungeon, and saw 12 of its levels.
You also visited: Gauntlet.

You collected 681 gold pieces.

Inventory:

Hand Weapons
 p - a +0 flail of protection
Missiles
 q - 20 stones (quivered)
 z - 4 large rocks
Armour
 t - a +2 cloak
 C - a +0 troll leather armour (worn)
Jewellery
 i - a ring of magical power (left claw)
 D - a ring of fire
 E - a ring of willpower (right claw)
 F - a ring of magical power
Talismans
 c - a beast talisman
Wands
 j - a wand of flame (17)
 u - a wand of digging (5)
 w - a wand of paralysis (14)
Scrolls
 a - a scroll of torment {unknown}
 e - 2 scrolls of immolation {unknown}
 f - 2 scrolls of fog {unknown}
 g - 2 scrolls of blinking {unknown}
 l - 2 scrolls of noise {unknown}
 m - 6 scrolls of teleportation
 n - 4 scrolls of revelation {unknown}
 v - a scroll of butterflies {unknown}
 x - a scroll of fear
 y - 2 scrolls of poison {unknown}
 B - a scroll of amnesia {unknown}
Potions
 b - 2 potions of lignification
 d - 3 potions of ambrosia
 h - a potion of brilliance
 k - a potion of haste
 o - 3 potions of curing
 r - 2 potions of invisibility
 s - 2 potions of might
 A - a potion of magic


   Skills:
 + Level 3.9 Fighting
 + Level 3.0 Throwing
 + Level 3.2 Armour
 + Level 5.3 Dodging
 + Level 12.4 Unarmed Combat
 + Level 6.6 Shapeshifting


You had 9 spell levels left.
You didn't know any spells.
Your spell library contained the following spells:

 Spells                   Type           Power      Damage    Failure   Level
 Foxfire                  Conj/Fire      0%         2x1d4     58%         1
 Magic Dart               Conj           0%         1d3       58%         1
 Necrotise                Necr           0%         1d4       58%         1
 Shock                    Conj/Air       0%         1d3       58%         1
 Ensorcelled Hibernation  Hex/Ice        0%         N/A       73%         2
 Passwall                 Tmut/Erth      0%         N/A       73%         2
 Searing Ray              Conj           0%         2d4       73%         2
 Swiftness                Air            0%         N/A       91%         3
 Vampiric Draining        Necr           0%         2d6       91%         3
 Airstrike                Air            0%         2d(0-16)  100%        4
 Fulminant Prism          Conj/Hex       0%         3d5       100%        4
 Olgreb's Toxic Radiance  Pois           0%         N/A       100%        4
 Agony                    Necr           0%         N/A       100%        5
 Starburst                Conj/Fire      0%         6d3       100%        6
 Discord                  Hex            0%         N/A       100%        8
 Ignition                 Fire           0%         3d3       100%        8
 Fire Storm               Conj/Fire      0%         5d1       100%        9


Dungeon Overview and Level Annotations

Branches:
Dungeon (11/15)            Temple (1/1) D:7            Lair (0/5) D:10
    Orc (0/2) D:9         Gauntlet (1/1)

Altars:
Ashenzari
Cheibriados
Dithmenos
Elyvilon
Fedhas
Gozag
Hepliaklqana
Kikubaaqudgha
Makhleb
Nemelex Xobeh
Okawaru
Qazlal
Ru
Sif Muna
Trog
Uskayaw
Vehumet
Wu Jian
Xom
Yredelemnul
Zin
The Shining One

Shops:
D:3 (

Annotations:
Gauntlet 11 transporters, 1 runed translucent door


Innate Abilities, Weirdness & Mutations

You are a hulking beast.
Your limbs bulge with bestial killing power. (Slay +4)
You are too large for most types of armour.
You have claws for hands.
You are dopey. (Int -2)
Your natural rate of healing is unusually fast.
You are covered in fur. (AC +1)
You have tough skin. (AC +1)


Message History

The wizard shouts!
You hear a shout!
The wizard mumbles some strange words.
The wizard glows brightly for a moment.
The white imp disappears for a moment.
There is a transporter here.
Okay, then.
You don't know any spells.
Unknown command.
You don't know any spells.
Unknown command.
Unknown command.
The white imp shouts, "Quit, thou obnoxious nut-hook varlet!"
You don't know any spells.
Unknown command.
You don't know any spells.
There is a transporter here.
You enter the transporter and appear at another place.
You fade into invisibility!
You open the door.
You barely miss the centaur warrior simulacrum.
The centaur warrior simulacrum closely misses you. x2
You mangle the centaur warrior simulacrum!!
The centaur warrior simulacrum vaporises!
You claw the wolf spider simulacrum!
The wolf spider simulacrum is heavily damaged.
The wolf spider simulacrum barely misses you.
The wolf spider simulacrum bites you.
The wolf spider simulacrum freezes you!!
You mangle the wolf spider simulacrum!!
The wolf spider simulacrum vaporises!
You strike the helpless seven-headed hydra simulacrum from behind!
You scratch the seven-headed hydra simulacrum.
The seven-headed hydra simulacrum is lightly damaged.
The seven-headed hydra simulacrum bites you.
The seven-headed hydra simulacrum freezes you!!
* * * LOW HITPOINT WARNING * * *
The seven-headed hydra simulacrum bites you.
* * * LOW HITPOINT WARNING * * *
The seven-headed hydra simulacrum freezes you!!!
You die...

#≈.......§§§§§........8..
##.8....§8.....8.........
#≈...............########
##...#########...#.5.≈≈..
#≈...#.......#...#.≈≈..≈≈
##...#.#+###=#####≈..≈..≈
#≈...#.#..≈#.#...#≈.≈.≈≈.
##.8©#.#.©≈#©#©8©#.≈≈..≈.
#≈...#.#h.~#$#...#....≈≈.
##...#.#Z###◎#####5.≈≈..≈
#≈...#.ZZ....#...#5≈≈.≈≈.
##...#########...#555.≈pp
#§...............########
##.8.....8.....8.........
##.....................8..
#§§..###########..........
##§..#ZZZZZ....#...#######


You could see a seven-headed hydra simulacrum (unable to see you) and 2 centaur
warrior simulacra.

Vanquished Creatures
  2 two-headed ogres
  2 kobold demonologists
  A komodo dragon (D:11)
  An unseen horror (D:10)
  2 trolls
  Grinder (D:5)
  A hornet (D:10)
  A wolf spider simulacrum (Gauntlet)
  Prince Ribbit (D:9)
  A centaur simulacrum (Gauntlet)
  2 wyverns
  A wraith (D:10)
  2 steam dragons
  Eustachio (D:5)
  Menkaure (D:4)
  2 wargs (D:10)
  2 water moccasins
  5 orc warriors
  A sky beast (D:7)
  A centaur (D:10)
  A kobold brigand (D:8)
  2 phantoms
  3 scorpions
  14 killer bees
  4 howler monkeys
  5 orc priests
  4 hounds
  9 orc wizards
  Ijyb (D:4)
  Terence (D:2)
  Natasha (thrice) (D:4)
  3 iguanas
  5 adders
  3 shadow imps
  2 white imps
  A worm (D:4)
  A dart slug (D:2)
  34 orcs
  9 ball pythons
  8 endoplasms
  2 giant cockroaches (D:2)
  8 hobgoblins
  6 jackals
  A quokka (D:1)
  4 bats
  9 frilled lizards
  11 goblins
  13 kobolds
  6 rats
  A spectral orc (D:4)
205 creatures vanquished.

Notes
Turn   | Place    | Note
-------+----------+-------------------------------------------
     0 | D:1      | Dawnplanks the Troll Shapeshifter began the quest for the
                  | Orb.
     0 | D:1      | Reached XP level 1. HP: 18/18 MP: 0/0
   245 | D:1      | Reached XP level 2. HP: 26/26 MP: 1/1
   796 | D:2      | Reached XP level 3. HP: 30/32 MP: 2/2
  1078 | D:2      | Reached XP level 4. HP: 39/40 MP: 3/3
  1103 | D:2      | Noticed Terence
  1108 | D:2      | Killed Terence
  1109 | D:2      | Reached skill level 4 in Unarmed Combat
  1979 | D:3      | Found Qiac's Weapon Boutique.
  2138 | D:3      | Found a burning altar of Makhleb.
  2264 | D:4      | Noticed a scorpion
  2274 | D:3      | Reached XP level 5. HP: 46/46 MP: 4/4
  2283 | D:4      | Reached skill level 1 in Fighting
  2294 | D:4      | Noticed Natasha
  2336 | D:4      | Killed Natasha
  2337 | D:4      | Reached skill level 5 in Unarmed Combat
  2359 | D:4      | Noticed Menkaure
  2376 | D:4      | Killed Menkaure
  2377 | D:4      | Reached XP level 6. HP: 28/55 MP: 5/5
  2428 | D:4      | Noticed Natasha
  2436 | D:4      | Killed Natasha
  2479 | D:4      | Noticed Natasha
  2485 | D:4      | Killed Natasha
  2486 | D:4      | Reached skill level 6 in Unarmed Combat
  2497 | D:4      | Noticed Ijyb
  2505 | D:4      | Killed Ijyb
  2556 | D:4      | Reached XP level 7. HP: 48/62 MP: 6/6
  2827 | D:4      | Found a basalt altar of Yredelemnul.
  2887 | D:5      | Entered Level 5 of the Dungeon
  2929 | D:5      | Found an opulent altar of Gozag.
  2979 | D:5      | Reached skill level 7 in Unarmed Combat
  3137 | D:5      | Noticed Eustachio
  3146 | D:5      | Killed Eustachio
  3147 | D:5      | Reached skill level 1 in Throwing
  3181 | D:5      | Noticed Grinder
  3190 | D:5      | Reached XP level 8. HP: 67/71 MP: 7/7
  3203 | D:5      | Killed Grinder
  3204 | D:5      | Reached skill level 5 in Shapeshifting
  3262 | D:5      | Found a shadowy altar of Dithmenos.
  3773 | D:6      | Reached skill level 8 in Unarmed Combat
  3925 | D:7      | Found a staircase to the Ecumenical Temple.
  3937 | Temple   | Entered the Ecumenical Temple
  4000 | Temple   | Became a worshipper of Ru the Awakened
  4192 | D:7      | Got the Codex of the Baneful Burn
  4432 | D:7      | Found a stormy altar of Qazlal.
  4717 | D:8      | Found a hide-covered altar of Uskayaw.
  4888 | D:8      | Reached XP level 9. HP: 37/80 MP: 8/8
  5004 | D:8      | Reached skill level 9 in Unarmed Combat
  5280 | D:9      | Gained mutation: You are dopey. (Int -2) [Ru sacrifice]
  5366 | D:9      | Found a hazy altar of Hepliaklqana.
  5614 | D:9      | Noticed Prince Ribbit
  5620 | D:9      | Killed Prince Ribbit
  5659 | D:9      | Noticed a kobold demonologist
  5686 | D:9      | Killed a kobold demonologist
  5687 | D:9      | Reached skill level 10 in Unarmed Combat
  5748 | D:9      | Found a staircase to the Orcish Mines.
  5913 | D:9      | Noticed a troll
  5921 | D:9      | Killed a troll
  6012 | D:9      | Reached skill level 11 in Unarmed Combat
  6045 | D:9      | Found a glowing golden altar of the Shining One.
  6138 | D:9      | Reached XP level 10. HP: 83/91 MP: 9/9
  6218 | D:10     | Entered Level 10 of the Dungeon
  6290 | D:10     | Found a staircase to the Lair.
  6369 | D:10     | Reached skill level 1 in Armour
  6369 | D:10     | Reached skill level 5 in Dodging
  6432 | D:10     | Noticed a two-headed ogre
  6441 | D:10     | Killed a two-headed ogre
  6572 | D:10     | Found a shimmering blue altar of Sif Muna.
  6888 | D:10     | Reached skill level 12 in Unarmed Combat
  7089 | D:11     | Noticed a two-headed ogre
  7128 | D:11     | Killed a two-headed ogre
  7218 | D:11     | Found a gate leading to a gauntlet.
  7227 | Gauntlet | Entered a Gauntlet
  7227 | Gauntlet | Found a transporter.
  7228 | Gauntlet | Found a runed translucent door.
  7230 | Gauntlet | Found a transporter.
  7232 | Gauntlet | Found a runed translucent door.
  7242 | Gauntlet | Found a transporter.
  7246 | Gauntlet | Found a transporter.
  7251 | Gauntlet | Noticed a wizard
  7253 | Gauntlet | Noticed a wizard
  7256 | Gauntlet | Found a transporter.
  7276 | Gauntlet | Found a transporter.
  7282 | Gauntlet | Noticed a sixfirhy
  7284 | Gauntlet | Noticed a sixfirhy
  7289 | Gauntlet | Found a transporter.
  7293 | Gauntlet | Found the crystal ball of Wucad Mu {*channel}
  7304 | Gauntlet | Noticed a torpor snail
  7309 | Gauntlet | Found a transporter.
  7315 | Gauntlet | Found a transporter.
  7315 | Gauntlet | Noticed a glowing orange brain
  7315 | Gauntlet | Noticed a brown ugly thing
  7321 | Gauntlet | Found a transporter.
  7325 | Gauntlet | Noticed a glowing orange brain
  7343 | Gauntlet | Found a transporter.
  7347 | Gauntlet | Found a transporter.
  7349 | Gauntlet | Noticed a death yak
  7349 | Gauntlet | Noticed a death yak
  7350 | Gauntlet | Noticed a death yak
  7351 | Gauntlet | Noticed a death yak
  7351 | Gauntlet | Noticed a death yak
  7513 | Gauntlet | Demolished by a seven-headed hydra simulacrum

Illustrated notes

Levels and vault maps discovered:
D:1:      scummos_arrival_gate, layout_loops_ring,
          minmay_misc_feat_secret_circle, minmay_misc_feat_doors
D:2:      minmay_chambers_of_twos, layout_rooms, uniq_terence
D:3:      wander_river, layout_basic, lightli_temple_of_fire, serial_shops,
          nicolae_shop_bloodbath_and_beyond, minmay_lizard_king
D:4:      layout_cave_pools, yredelemnul_forgotten_temple_becter, uniq_natasha,
          uniq_ijyb, uniq_menkaure
D:5:      layout_rooms, old_standard_altar, grunt_dithmenos_smoke,
          minmay_misc_feat_alley, uniq_grinder, uniq_eustachio
D:6:      layout_basic, uniq_sigmund
D:7:      layout_basic, mainiacjoe_overflow_brackets, minmay_temple_entry_grid
D:8:      layout_basic, general_overflow_altar
D:9:      layout_roguey, lemuel_tele_altar, mainiacjoe_overflow_alcove_1,
          hiddenorc1_lemuel, uniq_prince_ribbit1
D:10:     layout_loops_cross, kennysheep_orc_sif_temple,
          erik_lair_orcish_takeover, nicolae_kite_square_tiling_tiny
D:11:     layout_roguey, gauntlet_entry_generic, nicolae_the_louvre,
          uniq_josephine
Temple:   dshaligram_water_room_temple
Gauntlet: minmay_gauntlet_mixed_oops_all_seconds
          [minmay_gauntlet_arena_77_shame_cube, nicolae_gauntlet_arena_quarters,
          minmay_gauntlet_arena_77_double_cross,
          nicolae_gauntlet_arena_flowing_pool,
          minmay_gauntlet_arena_77_p_blocks,
          gammafunk_gauntlet_arena_arrow_garden, gauntlet_exit_hidden_loot]

Skill      XL: |  1  2  3  4  5  6  7  8  9 10 |
---------------+-------------------------------+-----
Dodging        | 2 3 4 5 |  5.3
Unarmed Combat | 4 5 6 7 8 11 12 | 12.4
Fighting       | 1 2 3 |  3.9
Shapeshifting  | 4 5 6 |  6.6
Throwing       | 1 2 3 |  3.0
Armour         | 3 |  3.2

Action                     |  1- 3 |  4- 6 |  7- 9 | 10-12 || total
---------------------------+-------+-------+-------+-------++-------
  Melee: Unarmed           |    93 |   116 |   233 |    89 ||   531
         Punch             |     1 |     2 |     6 |     6 ||    15
  Throw: Stone             |       |     5 |    29 |     9 ||    43
 Invoke: Sacrifice Purity  |       |       |     1 |       ||     1
    Use: Scroll            |       |       |     7 |     2 ||     9
         Potion            |       |       |     1 |     1 ||     2
   Stab: Sleeping          |       |     2 |       |       ||     2
         Invisible         |       |       |       |     1 ||     1
 Armour: Animal skin       |    33 |    34 |    24 |       ||    91
         Steam dragon scal |       |       |    30 |       ||    30
         Skin              |       |       |    30 |       ||    30
         Troll leather arm |       |       |     2 |    16 ||    18
  Dodge: Dodged            |    45 |    57 |   108 |    36 ||   246

Table legend: (Time is in decaauts)
 A = Elapsed time spent in this place.
 B = Non-inter-level travel time spent in this place.
 C = Inter-level travel time spent in this place.
 D = Time resting spent in this place.
 E = Time spent auto-exploring this place.
 F = Levels seen in this place.
 G = Mean time per level.
                   A        B        C        D        E       F      G
               +--------+--------+--------+--------+--------+-----+--------+
         Total |   7449 |   6932 |    517 |     49 |   5633 |  13 |  573.0 |
       Dungeon |   7084 |   6634 |    450 |     49 |   5475 |  11 |  644.0 |
        Temple |     79 |     12 |     67 |      0 |      0 |   1 |   79.0 |
      Gauntlet |    284 |    284 |      0 |      0 |    158 |   1 |  284.0 |
               +--------+--------+--------+--------+--------+-----+--------+

Top non-repeatable levels by time:
     D:3: 967 daAuts
     D:9: 934 daAuts
    D:10: 794 daAuts
     D:1: 758 daAuts
     D:8: 683 daAuts
     D:4: 612 daAuts
     D:2: 603 daAuts
     D:7: 593 daAuts
     D:5: 503 daAuts
     D:6: 436 daAuts
Gauntlet: 284 daAuts
    D:11: 197 daAuts
  Temple: 79 daAuts
